 Dungeon Crawl Stone Soup version 0.30.0-19-gbf45117a57 (webtiles) character file.

Game seed: 3457146387681909902

362 qw the Trooper (level 6, -1/40 HPs)
             Began as a Gargoyle Fighter on May 25, 2023.
             Slain by a gnoll
             ... wielding a +0 spear
              (6 damage)
             ... on level 3 of the Dungeon.
             The game lasted 00:00:49 (1667 turns).

qw the Trooper (Gargoyle Fighter)                   Turns: 1667, Time: 00:00:49

Health: -1/40      AC: 15    Str: 22    XL:     6   Next: 66%
Magic:  6/6        EV:  6    Int:  8    God:
Gold:   146        SH:  4    Dex:  9    Spells: 5/5 levels left

rFire   . . .        Y - +1 war axe
rCold   . . .        c - +0 buckler
rNeg    + . .        k - +0 plate armour
rPois   inf          (no helmet)
rElec   +            (no cloak)
rCorr   .            (no gloves)
SInv    .            (no boots)
Will    .....        (no amulet) Stlth
                     (no ring)
HPRegen 0.26/turn    (no ring)
MPRegen 0.10/turn

%: no passive effects
@: no status effects
A: sickness immunity, AC +4, negative energy resistance 1, electricity
resistance, torment resistance 1, petrification resistance
a: no special abilities


You were on level 3 of the Dungeon.
You visited 1 branch of the dungeon, and saw 3 of its levels.

You collected 146 gold pieces.


Innate Abilities, Weirdness & Mutations

You are immune to sickness and miasma.
Your stone body is resilient. (AC +4)
You are immune to poison.
You resist negative energy. (rN+)
You are resistant to electric shocks. (rElec)
You are resistant to unholy torment.
You are immune to petrification.


   Skills:
 - Level 5.1 Fighting
 + Level 5.0 Axes
 - Level 1.3 Throwing
 - Level 3.2 Armour
 - Level 3.2 Shields


You had 5 spell levels left.
You didn't know any spells.
Your spell library was empty.

Inventory:

Hand Weapons
 g - a +0 flail
 Y - a +1 war axe (weapon)
Armour
 c - a +0 buckler (worn)
 k - a +0 plate armour (worn)
Scrolls
 a - 5 scrolls of identify {unknown}
 b - a scroll of torment {unknown}
 h - a scroll of enchant armour {unknown}
 j - a scroll of magic mapping {unknown}
Potions
 d - 2 potions of might
 e - a potion of heal wounds
 f - a potion of degeneration {unknown}
 i - a potion of curing {unknown}

Dungeon Overview and Level Annotations

Branches:
Dungeon (3/15)

Altars:


Message History

A worm comes into view.
You throw a javelin. The javelin barely misses the gnoll.
The gnoll shouts!
The javelin pierces through the worm!
The worm is heavily wounded.
You throw a javelin. The javelin pierces through the worm!
You kill the worm!
A gnoll comes into view. It is wielding a +0 spear. x2
The gnoll moves out of view.
The gnoll shouts!
The gnoll hits you from afar with a +0 spear.
The gnoll barely misses you. The gnoll completely misses you.
You closely miss the gnoll. You block the gnoll's attack.
You closely miss the gnoll. The gnoll hits you but does no damage.
You completely miss the gnoll. The gnoll completely misses you.
The gnoll barely misses you.
The gnoll hits you from afar with a +0 halberd!
The gnoll closely misses you.
You hit the gnoll but do no damage. The gnoll hits you but does no damage.
The gnoll hits you from afar with a +0 spear.
The gnoll hits you from afar with a +0 halberd!
The gnoll hits you with a +0 spear.
The gnoll hits you but does no damage. x2
You block the gnoll's attack.
The gnoll hits you from afar with a +0 halberd.
1665 ||| DRINKING 2 potions of heal wounds.
You feel much better. The gnoll barely misses you.
The gnoll hits you but does no damage. x3
You hit the gnoll.
The gnoll is heavily wounded.
The gnoll hits you from afar with a +0 spear.
The gnoll hits you with a +0 spear! The gnoll barely misses you.
The gnoll hits you from afar with a +0 halberd.
You hit the gnoll.
The gnoll is heavily wounded.
The gnoll hits you from afar with a +0 spear. x2
You block the gnoll's attack. The gnoll hits you with a +0 spear.
You die...

#.#####.###%.....#
#.# #......##### #.#
##.....# #####.#
#.#####
#.....######>....#
#.#..........###.#
#.#.########## #.#
.............. #.#
#.####........ #@#
#..(..........+.g#
######........#ggg
######........#....
..............+.....
###############(.....
#......# #......#


You could see 4 gnolls.

Vanquished Creatures
  Sigmund (D:3)
  A black bear (D:3)
  4 gnolls (D:3)
  An adder (D:2)
  2 worms
  2 dart slugs
  An orc (D:2)
  3 bats
  9 endoplasms
  2 giant cockroaches
  2 goblins (D:2)
  7 hobgoblins
  4 jackals (D:2)
  6 kobolds
  A quokka (D:2)
  2 ball pythons (D:1)
  A frilled lizard (D:1)
  5 rats
54 creatures vanquished.

Notes
Turn   | Place    | Note
-------+----------+-------------------------------------------
     0 | D:1      | qw the Gargoyle Fighter began the quest for the Orb.
     0 | D:1      | Reached XP level 1. HP: 14/14 MP: 1/1
     0 | D:1      | 0 ||| qw: Version: 0.2-a-98-g5d7165a
     0 | D:1      | 0 ||| qw: Game counter: 102
     0 | D:1      | 0 ||| qw: Always use a shield: true
     0 | D:1      | 0 ||| qw: God list: Okawaru
     0 | D:1      | 0 ||| qw: Allow faded altars: false
     0 | D:1      | 0 ||| qw: Do Orc after D:15 true
     0 | D:1      | 0 ||| qw: Do second Lair branch before Depths: true
     0 | D:1      | 0 ||| qw: Lair rune preference: random
     0 | D:1      | 0 ||| qw: Plans: Normal, Zot:1-4, God:TSO, Crypt, Tomb,
                  | Pan, Slime:5, Hells, Abyss, Win
     0 | D:1      | 0 ||| PLANNING D:1-11
   106 | D:1      | Reached XP level 2. HP: 16/19 MP: 2/2
   615 | D:1      | 615 ||| UPGRADING to +0 plate armour.
   625 | D:1      | 625 ||| DROPPING +0 scale mail.
   626 | D:1      | 626 ||| READING scroll labelled JAOV HAFAW.
   627 | D:1      | 627 ||| READING scroll labelled APEENOXZOY.
   632 | D:1      | 632 ||| DRINKING 3 bubbling yellow potions.
   675 | D:2      | Reached skill level 3 in Axes
   698 | D:2      | 698 ||| Stepping ~*~*~tactically~*~*~ (hiding).
   699 | D:2      | 699 ||| Stepping ~*~*~tactically~*~*~ (hiding).
   811 | D:2      | Reached XP level 3. HP: 23/23 MP: 3/3
   828 | D:2      | 828 ||| Stepping ~*~*~tactically~*~*~ (hiding).
   870 | D:2      | 870 ||| Stepping ~*~*~tactically~*~*~ (stealth).
   880 | D:2      | Reached skill level 1 in Throwing
   883 | D:2      | 883 ||| Stepping ~*~*~tactically~*~*~ (stealth).
   885 | D:2      | 885 ||| Stepping ~*~*~tactically~*~*~ (stealth).
   886 | D:2      | 886 ||| Stepping ~*~*~tactically~*~*~ (stealth).
  1059 | D:2      | Reached XP level 4. HP: 28/28 MP: 4/4
  1185 | D:2      | 1185 ||| DROPPING amulet of faith.
  1186 | D:2      | 1186 ||| READING scroll labelled UXZUSO DOEZUY.
  1187 | D:2      | 1187 ||| READING scroll labelled EFEH WOONKUJO.
  1188 | D:2      | 1188 ||| DRINKING 2 metallic cyan potions.
  1189 | D:2      | 1189 ||| DROPPING potion of invisibility.
  1257 | D:3      | 1257 ||| Stepping ~*~*~tactically~*~*~ (stealth).
  1356 | D:3      | 1356 ||| Stepping ~*~*~tactically~*~*~ (stealth).
  1429 | D:3      | Noticed a black bear
  1431 | D:3      | Noticed Sigmund
  1434 | D:3      | Killed a black bear
  1435 | D:3      | Reached XP level 5. HP: 25/32 MP: 5/5
  1443 | D:3      | Killed Sigmund
  1444 | D:3      | Reached XP level 6. HP: 30/40 MP: 6/6
  1664 | D:3      | HP: 7/40 [gnoll/+0 halberd (5)]
  1665 | D:3      | 1665 ||| DRINKING 2 potions of heal wounds.
  1667 | D:3      | Slain by a gnoll

Levels and vault maps discovered:
D:1:      scummos_arrival_checkerplants, layout_loops_cross, feat_on_display
D:2:      layout_rooms
D:3:      layout_basic, uniq_sigmund

Skill      XL: |  1  2  3  4  5 |
---------------+----------------+-----
Axes           | 2 3 5 |  5.0
Throwing       | 1 |  1.3
Fighting       | 5 |  5.1
Armour         | |  3.2
Shields        | |  3.2

Action                     |  1- 3 |  4- 6 || total
---------------------------+-------+-------++-------
  Melee: War axe           |    82 |    38 ||   120
  Throw: Javelin           |    12 |    15 ||    27
    Use: Scroll            |     2 |     2 ||     4
         Potion            |     1 |     2 ||     3
 Armour: Scale mail        |    34 |       ||    34
         Plate armour      |    27 |    24 ||    51
  Dodge: Dodged            |    27 |    15 ||    42
  Block: Buckler           |    12 |    10 ||    22

Table legend:
 A = Non-vault XP
 B = Vault XP
 C = Vault XP percentage of total XP
 D = Non-vault monster count
 E = Vault monster count
 F = Vault count percentage of total count
                 A         B        C        D         E       F
            +---------+---------+-------+---------+---------+-------
      Total |     292 |     226 |  43.6 |      53 |       1 |   1.9
            +---------+---------+-------+---------+---------+-------
        D:1 |      25 |       0 |   0.0 |      14 |       0 |   0.0
        D:2 |      61 |       0 |   0.0 |      23 |       0 |   0.0
        D:3 |     206 |     226 |  52.3 |      16 |       1 |   5.9
            +---------+---------+-------+---------+---------+-------
